 Dungeon Crawl Stone Soup version 0.32-a0-900-g30fb1b0edc (webtiles) character file.

Game seed: 18319506820622798855

1 Foxy the Charlatan (level 1, 15/15 HPs)
             Began as a Coglin Artificer on Apr 6, 2024.
             Quit the game on level 1 of the Dungeon.
             The game lasted 00:00:17 (136 turns).

Foxy the Charlatan (Coglin Artificer)                Turns: 136, Time: 00:00:17

Health: 15/15      AC:  3    Str: 12    XL:     1   Next: 20%
Magic:  1/1        EV: 10    Int: 10    God:
Gold:   20         SH:  0    Dex: 14    Spells: 0/0 levels left

rFire   . . .        a - +0 club {Qing}
rCold   . . .        f - +0 dagger {Takurtum}
rNeg    . . .        b - +0 leather armour
rPois   .            (no helmet)
rElec   .            (no cloak)
rCorr   .            (no gloves)
SInv    .            (no boots)
Will    .....        (amulet unavailable)
Stlth   +            (ring unavailable)
HPRegen 0.22/turn    (ring unavailable)
MPRegen 0.07/turn    (no gizmo)

%: no passive effects
@: no status effects
A: off-hand wielding, slow wielding, warmup strikes, no jewellery
a: Invent Gizmo


You were on level 1 of the Dungeon.
You visited 1 branch of the dungeon, and saw 1 of its levels.

You collected 20 gold pieces.

Inventory:

Hand Weapons
 a - a +0 club (weapon) {Qing}
 f - a +0 dagger (offhand) {Takurtum}
Armour
 b - a +0 leather armour (worn)
Wands
 c - a wand of flame (15) (quivered)
 d - a wand of charming (15)
 e - a wand of iceblast (5)


   Skills:
 + Level 1.0 Fighting
 + Level 1.8 Armour
 + Level 0.9 Dodging
 + Level 0.7 Stealth
 + Level 4.0 Evocations


You couldn't memorise any spells.
You didn't know any spells.
Your spell library contained the following spells:

 Spells                   Type           Power      Damage    Failure   Level
 Iskenderun's Battlesphe  Conj           0%         2d6       100%        5
 Bombard                  Conj/Erth      0%         9d1       100%        6
 Spellforged Servitor     Conj/Summ      0%         N/A       100%        7


Dungeon Overview and Level Annotations

Branches:
Dungeon (1/15)

Altars:

Shops:
D:1 *


Innate Abilities, Weirdness & Mutations

You can wield a second weapon in your off-hand.
It takes a long time for you to wield or remove held weapons.
Your first few attacks do less damage.
You cannot equip rings or amulets.


Message History

Welcome, Foxy the Coglin Artificer.
A smirking vizier told you that the Orb of Zot is just within this dungeon.
Press ? for a list of commands and other information.
Found three deep dwarf skeletons and 3 gold pieces.
Found a staircase leading out of the dungeon.
Okay, then.
You now have 3 gold pieces.
Found Aloiwkuuj's General Store.
There is an entrance to Aloiwkuuj's General Store here.
You now have 20 gold pieces (gained 17).
You open the door.
There is an open door here.
You pick up a book of Power and begin reading...
You add the spells Iskenderun's Battlesphere, Bombard and Spellforged Servitor to your library.
An endoplasm comes into view.
The endoplasm quivers.
An endoplasm is nearby!
The endoplasm barely misses you.
You hit the endoplasm but do no damage.
You barely miss the endoplasm with your +0 dagger.
The endoplasm freezes you.
You are frozen.
You hit the endoplasm but do no damage.
You hit the endoplasm with your +0 dagger.
The endoplasm barely misses you.
You hit the endoplasm with your +0 club.
You kill the endoplasm!
No target in view!
No target in view!
No target in view!
No target in view!
No target in view!
HP restored.
There is an open door here.
As you open the door, it creaks loudly!
Found a stone staircase leading down.
Are you sure you want to abandon this character and quit the game? (Confirm with "yes".)

...# .... ###...# ..# ...
##..... ... ..# ..÷..# #.#
#.# ....# #># #.# ...#
########.# #.### ...###
##.....##.####...#
.....###......##'#......#
#÷........##....@.......###
###.......##...∩..........#
##......##..............#
#÷.##..#...............#
#..##..#..........######
#......#..........#
########.######'###
...#......# .#.#.######


There were no monsters in sight!

Vanquished Creatures
  An endoplasm (D:1)
1 creature vanquished.

Notes
Turn   | Place    | Note
-------+----------+-------------------------------------------
     0 | D:1      | Foxy the Coglin Artificer began the quest for the Orb.
     0 | D:1      | Reached XP level 1. HP: 15/15 MP: 1/1
    10 | D:1      | Found Aloiwkuuj's General Store.
   136 | D:1      | Quit the game

Illustrated notes

Levels and vault maps discovered:
D:1:      amcnicky_arrival_wind_blow, layout_basic, serial_shops, shop,
          minmay_misc_feat_enclosed, chequers_hall_statues_y

Action                     || total
---------------------------++-------
  Melee: Club              ||     3
         Dagger            ||     2
  Dodge: Dodged            ||     2

Table legend: (Time is in decaauts)
 A = Elapsed time spent in this place.
 B = Non-inter-level travel time spent in this place.
 C = Inter-level travel time spent in this place.
 D = Time resting spent in this place.
 E = Time spent auto-exploring this place.
 F = Levels seen in this place.
 G = Mean time per level.
                   A        B        C        D        E       F      G
               +--------+--------+--------+--------+--------+-----+--------+
         Total |    136 |    136 |      0 |      0 |    126 |   1 |  136.0 |
       Dungeon |    136 |    136 |      0 |      0 |    126 |   1 |  136.0 |
               +--------+--------+--------+--------+--------+-----+--------+

Top non-repeatable levels by time:
     D:1: 136 daAuts
